 Dungeon Crawl Stone Soup version 0.16.2-2-g470672f (webtiles) character file.

30 RepoMan the Conjurer (level 3, 0/26 HPs)
             Began as a Ghoul Conjurer on Aug 18, 2015.
             Rotted away (potion of mutation)
             ... on level 2 of the Dungeon.
             The game lasted 00:09:29 (1346 turns).

RepoMan the Conjurer (Ghoul Conjurer)               Turns: 1346, Time: 00:09:31

Health: 0/26       AC:  2    Str: 11 (12) XL:     3   Next: 20%
Magic:  0/6        EV: 12    Int: 10      God:
Gold:   18         SH:  0    Dex:  8 (9)  Spells: 2 memorised, 3 levels left

rFire  . . .     SeeInvis .     (no weapon)
rCold  + . .     Clarity  .     a - +0 robe
rNeg   + + +     SustAb   .     (no shield)
rPois  ∞         Gourm    .     (no helmet)
rElec  .         Spirit   .     (no cloak)
rCorr  .         Warding  .     (no gloves)
rMut   .         Stasis   .     (no boots)
MR     .....                    (no amulet)
Stlth  ++........               (no ring)
                                (no ring)

@: very slightly contaminated, rotting, not resistant to hostile enchantments,
unstealthy
A: rotting body, claws 1, carnivore 3, cold resistance 1, negative energy
resistance 3, poison resistance, slow healing 1, torment resistance, unbreathing
a: no special abilities


You were on level 2 of the Dungeon.
You were not hungry.

You visited 1 branch of the dungeon, and saw 2 of its levels.

You collected 18 gold pieces.

Inventory:

Missiles
 m - 10 poisoned needles
Armour
 a - a +0 robe (worn)
 g - a +0 scale mail
Jewellery
 e - an uncursed ring of protection from magic {unknown}
Scrolls
 h - a scroll of remove curse {unknown}
 i - a scroll of enchant armour {unknown}
Potions
 b - a potion of mutation
 f - a potion of flight {unknown}
 j - a potion of cure mutation
 k - a potion of agility {unknown}
 l - a potion of cancellation {unknown}
Books
 c - a book of Conjurations

   Spells                             Type                      Level
   a - Magic Dart                     Conjuration                  1
   b - Searing Ray                    Conjuration                  2
   c - Dazzling Spray                 Conjuration/Hexes            3
   d - Fulminant Prism                Conjuration/Hexes            4
   e - Iskenderun's Mystic Blast      Conjuration                  4
   f - Iskenderun's Battlesphere      Conjuration/Charms           5
Comestibles
 d - a meat ration
 n - a slice of pizza
 o - a chunk of flesh


   Skills:
 + Level 1.1 Armour
 - Level 1.7 Dodging
 - Level 2.1 Stealth
 + Level 2.1 Spellcasting
 + Level 3.6 Conjurations


You had 3 spell levels left.
You knew the following spells:

 Your Spells              Type           Power        Failure   Level  Hunger
a - Magic Dart            Conj           #...         10%         1    ##.....
s - Searing Ray           Conj           #.....       12%         2    ###....


Dungeon Overview and Level Annotations

Branches:
Dungeon (2/15)

Altars:
Kikubaaqudgha

Annotations:
D:2 exclusion: door


Innate Abilities, Weirdness & Mutations

Your body is rotting away.
You thrive on raw meat.
You have sharp fingernails.
You are carnivorous and can eat meat at any time.
Your flesh is cold resistant.
You are immune to negative energy.
Your system is resistant to poisons.
You heal slowly when monsters are visible.
You are immune to unholy pain and torment.
You can survive without breathing.


Message History

* * * LOW HITPOINT WARNING * * *
Casting: Magic Dart
Confirm with . or Enter, or press ? or * to list all spells.
Aiming: Magic Dart
Press: ? - help, Shift-Dir - straight line, f/p - quokka
Aim: a quokka (heavily wounded)
The magic dart hits the quokka.
The quokka is severely wounded.
The quokka barely misses you.
Drink which item? (? for menu, Esc to quit)
It was a potion of cure mutation.
It has a very clean taste.
The quokka bites you but does no damage.
Drink which item? (? for menu, Esc to quit)
It was a potion of mutation.
You feel extremely strange.
Your body decomposes!
You feel weakened.
Your body decomposes!
You feel clumsy.
Your body decomposes!
You die...

#################
................#
###############.#
###### # #.#
.....#. ...# #.#
.#..... ...#
#r##########...#.#
.....
#.@.....)........#
....##
#####...###.#######
....#
.....#............
.....
############..####
..). ##..... .
##.### #.# #.# #.#
#


You could see a quokka.

Vanquished Creatures
  2 giant geckos
  An ooze (D:1)
  2 giant cockroaches (D:2)
  3 goblins
  3 hobgoblins (D:1)
  2 jackals (D:2)
  A ball python (D:1)
  5 bats (D:1)
  A giant newt (D:2)
  5 kobolds (D:1)
  3 rats (D:1)
28 creatures vanquished.

Notes
Turn   | Place    | Note
--------------------------------------------------------------
     0 | D:1      | RepoMan, the Ghoul Conjurer, began the quest for the Orb.
     0 | D:1      | Reached XP level 1. HP: 14/14 MP: 2/2
   446 | D:1      | Reached XP level 2. HP: 20/20 MP: 3/3
   453 | D:1      | Learned a level 2 spell: Searing Ray
   508 | D:1      | Reached skill level 1 in Armour
  1092 | D:2      | Found an ancient bone altar of Kikubaaqudgha.
  1152 | D:2      | Reached XP level 3. HP: 19/25 MP: 3/6
  1346 | D:2      | Rotted away (potion of mutation)

Action                   || total
-------------------------++-------
Melee: Unarmed           ||   102
 Cast: Magic Dart        ||    40
  Use: Potion            ||     1
  Eat: Chunk             ||    12
